 Seeded DCSS version 0.29.1-1-gd02db6906a (webtiles) character file.

Game seed: 8800239265270809476 (custom seed)

182 GigaChad the Conjurer (level 5, -5/31 HPs)
             Began as an Octopode Conjurer on Sept 26, 2022.
             Was an Initiate of Vehumet.
             Shot with an arrow by a centaur (9 damage)
             ... on level 5 of the Dungeon on Sept 27, 2022.
             The game lasted 00:13:50 (5172 turns).

GigaChad the Conjurer (Octopode Conjurer)           Turns: 5172, Time: 00:13:50

Health: -5/31      AC:  1    Str:  6    XL:     5   Next: 62%
Magic:  11/11      EV: 13    Int: 21    God:    Vehumet [......]
Gold:   139        SH:  0    Dex: 12    Spells: 3/12 levels left

rFire   . . .      SeeInvis .   c - staff of conjuration
rCold   . . .      Faith    .   (no shield)
rNeg    . . .      Spirit   .   (helmet restricted)
rPois   .          Reflect  .   (no amulet)
rElec   .          Harm     .   (no ring)
rCorr   .          Rampage  .   (no ring)
Will    .....                   (no ring)
Stlth   +++.......              (no ring)
HPRegen 0.10/turn               (no ring)
MPRegen 0.12/turn               (no ring)
                                (no ring)
                                (no ring)

@: no status effects
A: almost no armour, amphibious, 8 rings, camouflage 1, gelatinous body 1,
(nimble swimmer 1), tentacles
a: Renounce Religion


You were on level 5 of the Dungeon.
You worshipped Vehumet.
Vehumet was noncommittal.
You visited 2 branches of the dungeon, and saw 6 of its levels.

You collected 139 gold pieces.

Inventory:

Hand Weapons
 g - a +0 short sword
Missiles
 h - a throwing net
Magical Staves
 c - a staff of conjuration (weapon)
Wands
 s - a wand of paralysis (9)
Scrolls
 b - 2 scrolls of teleportation {unknown}
 e - a scroll of blinking {unknown}
 f - a scroll of noise {unknown}
 i - a scroll of enchant weapon {unknown}
 n - a scroll of magic mapping {unknown}
 q - 4 scrolls of identify {unknown}
 r - 3 scrolls of butterflies {unknown}
 t - a scroll of vulnerability {unknown}
 u - a scroll of enchant armour {unknown}
Potions
 a - a potion of magic
 d - a potion of degeneration {unknown}
 j - a potion of invisibility {unknown}
 k - a potion of mutation {unknown}
 l - a potion of heal wounds {unknown}
 m - a potion of flight {unknown}
 o - a potion of berserk rage {unknown}
 p - 5 potions of curing {unknown}


   Skills:
 - Level 2.0 Dodging
 - Level 2.6 Stealth
 + Level 4.0 Spellcasting
 - Level 4.0 Conjurations
 - Level 3.3 Hexes


You had 3 spell levels left.
You knew the following spells:

 Your Spells              Type           Power      Damage    Failure   Level
a - Magic Dart            Conj           100%       1d8       2%          1
b - Searing Ray           Conj           62%        2d6       3%          2
c - Fulminant Prism       Conj/Hex       14%        3d9       26%         4
d - Sublimation of Blood  Necr           4%         N/A       19%         2

Your spell library contained the following spells:

 Spells                   Type           Power      Damage    Failure   Level
 Dazzling Flash           Conj/Hex       58%        N/A       8%          3
 Iskenderun's Mystic Bla  Conj/Tloc      18%        2d6       45%         4
 Petrify                  Tmut/Erth      4%         N/A       75%         4
 Irradiate                Conj/Tmut      9%         3d14      82%         5


Dungeon Overview and Level Annotations

Branches:
Dungeon (5/15)             Temple (1/1) D:4

Altars:
Ashenzari
Cheibriados
Elyvilon
Fedhas
Gozag
Hepliaklqana
Kikubaaqudgha
Makhleb
Nemelex Xobeh
Okawaru
Sif Muna
Uskayaw
Vehumet
Wu Jian
Xom
Yredelemnul
Zin
The Shining One


Innate Abilities, Weirdness & Mutations

You cannot wear most types of armour.
You are amphibious.
You can wear up to eight rings at the same time.
Your skin changes colour to match your surroundings (Stealth+).
Your rubbery body absorbs attacks. (AC +1, EV +1)
((You are camouflaged when in or above water. (Stealth+)))
You have tentacles for arms and can constrict up to eight enemies at once.


Message History

The arrow hits you! The hound barely misses you. The hound bites you.
You are too injured to fight recklessly!
You are too injured to fight recklessly!
You are too injured to fight recklessly!
You are too injured to fight recklessly!
A scorpion comes into view.
The hound bites you. The hound misses you. The hound barely misses you.
The hound attacks as you move away! The hound bites you.
The centaur shoots an arrow.
The arrow barely misses you. The hound bites you.
* * * LOW HITPOINT WARNING * * *
The hound attacks as you move away! The hound misses you.
The hound attacks as you move away! The hound misses you.
The hound closely misses you. The hound barely misses you.
Aiming: Paralyse
Press: ? - help, Shift-Dir - straight line, f - centaur, p - hound
Aim: a centaur, wielding a +0 shortbow (chance to affect: 49%)
The hound suddenly stops moving!
There is a stone staircase leading up here.
You can't go down here!
You climb upwards.
There is a stone staircase leading down here.
You start resting.
You start resting.
HP restored.
You start waiting.
Done waiting.
You start waiting.
Done waiting.
There is a stone staircase leading down here.
You climb downwards.
There is a stone staircase leading up here.
The centaur shoots an arrow.
The arrow hits you!
The centaur shoots an arrow.
The arrow hits you!
Ouch! That really hurt!
* * * LOW HITPOINT WARNING * * *
The centaur shoots an arrow.
The arrow hits you!
You die...

########## #........# ##
#........# .# #........# .###
#......[.# ###### ...########
#.<......# #.....
......ch..######@.......# #.....
..###.###..shc..........####.....
#..##..#########......[......(...
##...#.# #####.....###.....
##...# ##..### #..... ###..
.....# #..... #.. ......# ######
#. #......# .....#..


You could see a centaur, a scorpion and a hound.

Vanquished Creatures
  A hound (D:5)
  An iguana (D:5)
  An adder (D:3)
  An ufetubus (D:5)
  3 worms
  7 dart slugs
  6 orcs
  5 ball pythons
  7 endoplasms
  3 giant cockroaches
  6 goblins
  7 hobgoblins
  3 jackals
  4 kobolds
  5 quokkas
  3 bats
  7 frilled lizards
  3 hobgoblin zombies (D:4)
  A kobold skeleton (D:4)
  A kobold zombie (D:4)
  An orc zombie (D:4)
  4 rats
80 creatures vanquished.

Notes
Turn   | Place    | Note
-------+----------+-------------------------------------------
     0 | D:1      | GigaChad the Octopode Conjurer began the quest for the Orb.
     0 | D:1      | Reached XP level 1. HP: 11/11 MP: 3/3
    34 | D:1      | Identified a scroll of acquirement
    34 | D:1      | Acquired a staff of conjuration
   252 | D:1      | Reached XP level 2. HP: 17/17 MP: 1/5
   661 | D:1      | Reached XP level 3. HP: 21/21 MP: 2/7
  1471 | D:2      | Learned a level 2 spell: Searing Ray
  1941 | D:2      | Reached XP level 4. HP: 25/27 MP: 5/9
  2164 | D:3      | Learned a level 4 spell: Fulminant Prism
  2167 | D:3      | Learned a level 2 spell: Sublimation of Blood
  2360 | D:3      | Reached skill level 1 in Hexes
  3052 | D:3      | Found a faded altar of an unknown god.
  3380 | D:4      | Reached XP level 5. HP: 25/31 MP: 5/11
  3445 | D:4      | Found a staircase to the Ecumenical Temple.
  3456 | Temple   | Entered the Ecumenical Temple
  3652 | Temple   | Became a worshipper of Vehumet
  4010 | D:4      | Found a glowing golden altar of the Shining One.
  4036 | D:5      | Entered Level 5 of the Dungeon
  4748 | D:5      | Noticed a centaur
  5172 | D:5      | Shot with an arrow by a centaur

Illustrated notes

Levels and vault maps discovered:
D:1:      minmay_arrival_widening_spiral_wide, layout_rooms,
          serial_bayou_pond_b, minmay_crystal_room, st_stairs_3
D:2:      layout_basic, hex_tiny, minmay_tetromino_o2
D:3:      layout_rooms, hellmonk_ecumenical_altar_inner_sanctum, st_stairs_8,
          grunt_ministairs_6
D:4:      layout_cave_pods, nicolae_tso_besieged_by_evil,
          minmay_temple_entry_arrows
D:5:      layout_rooms, kennysheep_little_box
Temple:   bh_familiar_temple

Skill      XL: |  1  2  3  4  5 |
---------------+----------------+-----
Spellcasting   | 3 4 |  4.0
Hexes          | 2 3 |  3.3
Dodging        | |  2.0
Stealth        | |  2.6
Conjurations   | |  4.0

Action                   |  1- 3 |  4- 6 || total
-------------------------+-------+-------++-------
Melee: Staff             |     7 |     4 ||    11
       Constrict         |     2 |     2 ||     4
       Tentacles         |     1 |     1 ||     2
 Cast: Magic Dart        |    74 |   103 ||   177
       Searing Ray       |       |     2 ||     2
Evoke: Wand              |       |     1 ||     1
  Use: Scroll            |     1 |     1 ||     2
Armor: Skin              |     1 |       ||     1
Dodge: Dodged            |    14 |    33 ||    47
